 Dungeon Crawl Stone Soup version 0.31-a0-1237-gabc64e778c (webtiles) character file.

Game seed: 2263312024199092096

665 porpoise the Digger (level 7, 0/36 HPs)
             Began as a Gargoyle Earth Elementalist on Dec 16, 2023.
             Slain by Pikel
             ... wielding a +2 whip of freezing
              (7 damage)
             ... on level 5 of the Dungeon.
             The game lasted 00:16:57 (4987 turns).

porpoise the Digger (Gargoyle Earth Elementalist)   Turns: 4987, Time: 00:16:58

Health: 0/36       AC:  8    Str: 12    XL:     7   Next: 57%
Magic:  11/12      EV: 11    Int: 17    God:
Gold:   171        SH:  0    Dex: 10    Spells: 5/13 levels left

rFire   . . .        b - +0 sling
rCold   . . .        (no shield)
rNeg    + . .        d - +0 robe
rPois   ∞            t - +0 helmet
rElec   +            (no cloak)
rCorr   .            (no gloves)
SInv    .            l - +0 pair of boots
Will    .....        q - amulet of magic regeneration
Stlth   ++           (no ring)
HPRegen 0.26/turn    (no ring)
MPRegen 0.53/turn

%: no passive effects
@: no status effects
A: sickness immunity, AC +4, negative energy resistance 1, electricity
resistance, torment resistance 1, petrification resistance
a: no special abilities


You were on level 5 of the Dungeon.
You visited 1 branch of the dungeon, and saw 5 of its levels.

You collected 171 gold pieces.

Inventory:

Hand Weapons
 a - a +0 short sword
 b - a +0 sling (weapon)
 e - a +0 orcbow
Missiles
 v - 2 javelins
Armour
 d - a +0 robe (worn)
 l - a +0 pair of boots (worn)
 t - a +0 helmet (worn)
Jewellery
 q - an amulet of magic regeneration (around neck)
 x - a +6 ring of strength
Scrolls
 f - a scroll of immolation
 m - a scroll of brand weapon {unknown}
 o - 3 scrolls of fear
 r - a scroll of poison {unknown}
 u - a scroll of blinking {unknown}
 w - 2 scrolls of fog {unknown}
Potions
 c - 2 potions of mutation
 g - 3 potions of might
 i - 2 potions of brilliance {unknown}
 j - a potion of ambrosia {unknown}
 k - 2 potions of attraction
 n - a potion of resistance {unknown}
 p - 2 potions of curing {unknown}
 s - a potion of magic
 z - a potion of enlightenment {unknown}
 A - a potion of heal wounds {unknown}


   Skills:
 - Level 1.5 Dodging
 + Level 4.1 Stealth
 * Level 3.7 Spellcasting
 * Level 4.3 Conjurations
 - Level 0.7 Transmutations
 - Level 7.0 Earth Magic


You had 5 spell levels left.
You knew the following spells:

 Your Spells              Type           Power      Damage    Failure   Level
a - Sandblast             Erth           52%        2d12      1%          1
b - Stone Arrow           Conj/Erth      44%        3d9       4%          3
c - Brom's Barrelling Bo  Conj/Erth      22%        2d4       16%         4

Your spell library contained the following spells:

 Spells                   Type           Power      Damage    Failure   Level
 Passwall                 Tmut/Erth      13%        N/A       4%          2
 Shock                    Conj/Air       40%        1d5       7%          1
 Dazzling Flash           Conj/Hex       20%        N/A       21%         3
 Petrify                  Tmut/Erth      16%        N/A       32%         4
 Volatile Blastmotes      Fire/Tloc      6%         2d10      43%         3
 Simulacrum               Ice/Necr       1%         N/A       100%        6
 Starburst                Conj/Fire      5%         6d4       100%        6
 Ozocubu's Refrigeration  Ice            1%         4d7       100%        7
 Maxwell's Capacitive Co  Air            1%         ∞         100%        8
 Polar Vortex             Ice            1%         N/A       100%        9


Dungeon Overview and Level Annotations

Branches:
Dungeon (5/15)
 Temple: D:4-7

Altars:
Gozag
Hepliaklqana
Kikubaaqudgha
Qazlal

Annotations:
D:5 Pikel


Innate Abilities, Weirdness & Mutations

You are immune to sickness and miasma.
Your stone body is resilient. (AC +4)
You are immune to poison.
You resist negative energy. (rN+)
You are resistant to electric shocks. (rElec)
You are resistant to unholy torment.
You are immune to petrification.


Message History

Aim: Blork the orc, wielding a +2 halberd of freezing and wearing a +0 robe (moderately wounded, fast, 85% to hit)
The blast of sand hits Blork the orc!
Blork the orc is heavily wounded.
Blork the orc barely misses you.
Blork the orc hits you from afar with a +2 halberd of freezing.
Blork the orc freezes you.
Casting: Sandblast (safe; 1% risk of failure)
Confirm with . or Enter, or press ? or * to list all spells.
Aiming: Sandblast (safe; 1% risk of failure)
Press: ? - help, Shift-Dir - straight line, f/p - Blork the orc
Aim: Blork the orc, wielding a +2 halberd of freezing and wearing a +0 robe (heavily wounded, fast, 85% to hit)
The blast of sand hits Blork the orc!
Blork the orc is almost dead.
Blork the orc barely misses you. Blork the orc closely misses you.
Casting: Sandblast (safe; 1% risk of failure)
Confirm with . or Enter, or press ? or * to list all spells.
Aiming: Sandblast (safe; 1% risk of failure)
Press: ? - help, Shift-Dir - straight line, f/p - Blork the orc
Aim: Blork the orc, wielding a +2 halberd of freezing and wearing a +0 robe (almost dead, fast, 85% to hit)
The blast of sand hits Blork the orc!
You kill Blork the orc!
Casting: Sandblast (safe; 1% risk of failure)
Confirm with . or Enter, or press ? or * to list all spells.
You don't know that spell.
Pikel attacks as he pursues you!
Pikel hits you with a +2 whip of freezing!
Pikel freezes you.
* * * LOW HITPOINT WARNING * * *
Casting: Sandblast (safe; 1% risk of failure)
Confirm with . or Enter, or press ? or * to list all spells.
Aiming: Sandblast (safe; 1% risk of failure)
Press: ? - help, Shift-Dir - straight line, f - Pikel
Aim: Pikel, wielding a +2 whip of freezing and wearing a +0 robe (79% to hit)
The blast of sand hits Pikel.
Pikel is lightly wounded.
The lemure shouts!
Pikel hits you but does no damage.
Pikel hits you with a +2 whip of freezing!
You die...
Pikel says, "See you in Hell!"

### #.##############
########...............
#........#############.
#.######.# #<.........
#.# ###################
#.# #.@K.......
#.###.##?...... #.#...#
).5.... #.#.### ....55.
#...# ######. #####


You could see Pikel and 3 lemures.

Vanquished Creatures
  An ogre (D:4)
  Blork the orc (D:5)
  2 scorpions (D:4)
  A hound (D:4)
  Terence (D:3)
  An iguana (D:4)
  3 orc wizards (D:4)
  Robin (D:2)
  3 gnolls (D:4)
  11 adders
  2 worms
  A dart slug (D:3)
  6 orcs (D:4)
  4 bats
  2 endoplasms
  3 giant cockroaches
  13 hobgoblins
  4 quokkas
  13 ball pythons
  3 frilled lizards
  13 goblins
  6 kobolds
  4 rats
99 creatures vanquished.

Notes
Turn   | Place    | Note
-------+----------+-------------------------------------------
     0 | D:1      | porpoise the Gargoyle Earth Elementalist began the quest
                  | for the Orb.
     0 | D:1      | Reached XP level 1. HP: 10/10 MP: 3/3
   177 | D:1      | Found a faded altar of an unknown god.
   190 | D:1      | Got Plato's Codex of the Hidden Vale
   444 | D:1      | Reached skill level 4 in Earth Magic
   444 | D:1      | Reached XP level 2. HP: 13/15 MP: 0/5
  1022 | D:2      | Reached XP level 3. HP: 17/19 MP: 1/7
  1191 | D:2      | Reached XP level 4. HP: 24/24 MP: 5/8
  1222 | D:2      | Reached skill level 5 in Earth Magic
  1390 | D:2      | Learned a level 3 spell: Stone Arrow
  1702 | D:2      | Noticed Robin
  1752 | D:2      | Reached XP level 5. HP: 28/28 MP: 10/10
  1761 | D:2      | Killed Robin
  1762 | D:2      | Reached skill level 1 in Conjurations
  1791 | D:2      | Found an ancient bone altar of Kikubaaqudgha.
  2140 | D:2      | Learned a level 4 spell: Brom's Barrelling Boulder
  2597 | D:3      | Noticed Terence
  2603 | D:3      | Killed Terence
  3171 | D:4      | Reached XP level 6. HP: 20/32 MP: 8/11
  3185 | D:4      | Reached skill level 6 in Earth Magic
  3616 | D:4      | Reached XP level 7. HP: 36/36 MP: 10/12
  3646 | D:4      | Found a hazy altar of Hepliaklqana.
  3741 | D:4      | Reached skill level 7 in Earth Magic
  3747 | D:4      | Found an opulent altar of Gozag.
  3946 | D:4      | Identified the +0 leather armour of the Orb Guardian {+Inv
                  | Regen+ Str-4 Int-4}
  4897 | D:5      | Entered Level 5 of the Dungeon
  4897 | D:5      | Found a stormy altar of Qazlal.
  4979 | D:5      | Noticed Blork the orc
  4981 | D:5      | Noticed Pikel
  4985 | D:5      | Killed Blork the orc
  4987 | D:5      | Slain by Pikel

Illustrated notes

Levels and vault maps discovered:
D:1:      dpeg_arrival_simpleton_c, layout_basic,
          shapermc_ecumenical_altar_rom_forum, minmay_misc_feat_iff
D:2:      layout_loops_corners, basic_altar, minivault_5,
          minmay_stone_trees_large, minmay_snake_closets, uniq_robin
D:3:      layout_rooms, st_stairs_10, uniq_terence
D:4:      layout_basic, mainiacjoe_overflow_catwalk_spiral, st_stairs_5,
          sigmund_army
D:5:      layout_basic, mainiacjoe_overflow_large_starburst,
          nicolae_qazlal_beasts_of_the_sky, amethyst_killhole, uniq_sigmund,
          uniq_menkaure, uniq_blork_the_orc, uniq_ijyb, uniq_pikel

Skill      XL: |  1  2  3  4  5  6  7 |
---------------+----------------------+-----
Earth Magic    | 4 5 6 7 |  7.0
Spellcasting   | 3 |  3.7
Conjurations   | 2 3 4 |  4.3
Stealth        | 3 4 |  4.1
Dodging        | |  1.5
Transmutations | |  0.7

Action                     |  1- 3 |  4- 6 |  7- 9 || total
---------------------------+-------+-------+-------++-------
  Melee: Short sword       |     5 |    20 |     1 ||    26
         Sling             |       |     1 |       ||     1
   Fire: Sling             |       |    64 |    15 ||    79
   Cast: Sandblast         |    33 |    85 |    16 ||   134
         Stone Arrow       |       |     1 |     2 ||     3
    Use: Scroll            |       |     7 |     1 ||     8
         Potion            |       |     1 |       ||     1
 Armour: Robe              |     8 |    75 |    16 ||    99
  Dodge: Dodged            |     2 |    61 |    11 ||    74

Table legend: (Time is in decaauts)
 A = Elapsed time spent in this place.
 B = Non-inter-level travel time spent in this place.
 C = Inter-level travel time spent in this place.
 D = Time resting spent in this place.
 E = Time spent auto-exploring this place.
 F = Levels seen in this place.
 G = Mean time per level.
                   A        B        C        D        E       F      G
               +--------+--------+--------+--------+--------+-----+--------+
         Total |   5062 |   4866 |    196 |   1551 |   2589 |   5 | 1012.4 |
       Dungeon |   5062 |   4866 |    196 |   1551 |   2589 |   5 | 1012.4 |
               +--------+--------+--------+--------+--------+-----+--------+

Top non-repeatable levels by time:
     D:4: 1673 daAuts
     D:2: 1355 daAuts
     D:3: 1085 daAuts
     D:1: 886 daAuts
     D:5: 61 daAuts
